 Dungeon Crawl Stone Soup version 0.14.1-1-g650416f (webtiles) character file.

23174 Heema the Bludgeoner (level 12, -11/110 HPs)
             Began as a Minotaur Berserker on May 13, 2014.
             Was a High Priest of Trog.
             Mangled by a death yak (14 damage)
             ... on Level 5 of the Lair of Beasts.
             The game lasted 01:07:52 (15677 turns).

Heema the Bludgeoner (Minotaur Berserker)          Turns: 15677, Time: 01:07:52

HP -11/110       AC 18     Str 25      XL: 12   Next: 62%
MP   5/5         EV 10     Int  4      God: Trog [*****.]
Gold 756         SH  0     Dex 12      Spells:  0 memorised, 11 levels left

rFire  . . .     SeeInvis .     W - +2,+9 great mace (crush)
rCold  + . .     Clarity  .     A - +0 plate armour
rNeg   . . .     Conserve .     (no shield)
rPois  .         rCorr    .     (helmet restricted)
rElec  .         rRot     .     (no cloak)
SustAb . .       Spirit   .     L - +0 pair of gloves
rMut   .         Warding  .     Q - +0 pair of boots
Saprov . . .     Stasis   .     (no amulet)
MR     .....                    n - ring of protection from cold
                                i - +3 ring of evasion

@: not resistant to hostile enchantments, extremely unstealthy
A: retaliatory headbutt, horns 2
a: Burn Spellbooks, Berserk, Trog's Hand, Brothers in Arms, Renounce Religion


You were on level 5 of the Lair of Beasts.
You worshipped Trog.
Trog was extremely pleased with you.
You were not hungry.

You visited 2 branches of the dungeon, and saw 15 of its levels.
You also visited: Sewer.

You collected 756 gold pieces.

Inventory:

Hand weapons
 R - a +2,+1 flail of protection
 W - a +2,+9 great mace of crushing (weapon)
Armour
 A - a +0 plate armour (worn)
 L - a +0 pair of gloves (worn)
 Q - a +0 pair of boots (worn)
Magical devices
 g - a wand of disintegration (12)
 p - a wand of fireball (4)
 w - a wand of polymorph (6)
 B - a wand of frost (7)
 C - a wand of flame (14)
 G - a wand of magic darts (9) {unknown}
 H - a wand of confusion (5) {unknown}
 I - a wand of fire (4) {unknown}
 U - a wand of paralysis (11) {unknown}
 X - a wand of flame (16)
Comestibles
 a - 4 royal jellies
 c - 7 bread rations
 f - 5 meat rations
 h - 2 chunks of worm flesh
 s - a cheese
 t - a pear
 y - an apple
 M - a lychee
 Z - a choko
Scrolls
 d - 2 scrolls of recharging
 k - 4 scrolls of teleportation
 m - 6 scrolls of remove curse
 u - 3 scrolls of fear
 v - 2 scrolls of fog
 x - a scroll of magic mapping {unknown}
 J - 2 scrolls of noise {unknown}
 S - a scroll of silence {unknown}
 V - a scroll of acquirement {unknown}
Jewellery
 i - a +3 ring of evasion (left hand)
 n - a ring of protection from cold (right hand)
 r - an uncursed amulet of faith
 P - an uncursed ring of fire
 T - a +2 ring of strength {unknown}
Potions
 b - 3 potions of confusion {unknown}
 e - 4 potions of heal wounds {unknown}
 j - 2 potions of haste {unknown}
 l - a potion of paralysis {unknown}
 o - a potion of brilliance {unknown}
 q - 5 potions of curing {unknown}
 z - 2 potions of magic {unknown}
 D - 3 potions of restore abilities {unknown}
 E - a potion of degeneration {unknown}
 K - a potion of resistance {unknown}
 N - 2 potions of might {unknown}


   Skills:
 - Level 11.0 Fighting
 + Level 18.7 Maces & Flails
 - Level 11.7 Armour
 - Level 2.1 Dodging


You had 11 spell levels left.
You didn't know any spells.

Dungeon Overview and Level Annotations

Branches:
Dungeon (10/15)            Temple (0/1) D:6             Orc (0/4) D:9
   Lair (5/8) D:8           Swamp (0/5) Lair:5        Snake (0/5) Lair:4

Altars:
Ashenzari
Fedhas
Kikubaaqudgha
Vehumet
The Shining One


Innate Abilities, Weirdness & Mutations

You reflexively headbutt those who attack you in melee.
You have a pair of horns on your head.


Message History

You headbutt the death yak, but do no damage.
Your plate armour prevents you from hitting the death yak.
The death yak is moderately wounded.
The death yak barely misses you.
Your plate armour prevents you from hitting the death yak.
Your headbutt misses the death yak.
The death yak is lightly wounded.
The death yak gores you!
The death yak gores you but does no damage.
The death yak gores you!
* * * LOW HITPOINT WARNING * * *
The death yak gores you!
* * * LOW HITPOINT WARNING * * *
The death yak gores you!
* * * LOW HITPOINT WARNING * * *
Read which item? (? for menu, Esc to quit)
As you read the scroll of fog, it crumbles to dust.
The scroll dissolves into smoke.
The death yak closely misses you. The death yak gores you!
You die...

.........♣ ≈≈§≈♣.......#....
.........♣ ≈§≈≈♣............
..........♣ §§≈≈♣.......P#..#
.............♣♣§≈♣♣♣.......##...
.#..#..........♣♣♣♣♣♣......#.#
...+........................##
.........#.#.+.f...#...#..#..#
.........##.#..§f§.......##.##
........####...Y@§§<#.P### .#
..........##..YY§§..#.####
.......%#.......§...%....#
.....###....................#
..P.. ##.....+.............
....# ##.....#.#....[...... ....
#.......###.........# ..#.
#.......# .......... ...
#......###f........


You could see 3 death yaks.

Vanquished Creatures
  A hydra (Lair:3)
  2 death yaks (Lair:5)
  A hill giant (D:9)
  3 black mambas
  9 spiny frogs
  A gargoyle (D:8)
  A queen ant (Lair:2)
  A fire drake (Lair:2)
  Grinder (D:4)
  4 komodo dragons
  A two-headed ogre (D:9)
  11 blink frogs
  A basilisk (Lair:2)
  A wyvern (Lair:5)
  A hungry ghost (D:7)
  A yak (Lair:4)
  4 nagas (Lair:4)
  6 wolves (Lair:2)
  20 soldier ants
  4 hippogriffs
  6 water moccasins
  8 porcupines
  2 ice beasts (D:7)
  3 phantoms
  5 orc warriors
  4 centaurs
  5 ogres
  A black bear (D:8)
  A sky beast (D:6)
  6 crocodiles
  6 big kobolds
  A cyclops zombie (D:7)
  5 giant slugs
  7 giant frogs
  A scorpion (D:8)
  6 killer bees (D:9)
  A yak zombie (D:9)
  2 goliath beetles
  2 quasits
  4 crimson imps
  4 jellies
  3 orc priests
  2 gnoll shamans (D:9)
  9 hounds
  9 iguanas
  15 orc wizards
  21 worker ants
  7 sheep (Lair:2)
  A crocodile zombie (D:8)
  A sky beast zombie (D:7)
  Ijyb (D:2)
  2 hound zombies
  An ogre zombie (D:9)
  A big kobold skeleton (D:6)
  9 gnolls (D:9)
  8 adders
  8 green rats (Lair:2)
  3 giant mites
  A shadow imp (D:5)
  3 worms
  An adder skeleton (D:8)
  A giant eyeball (D:7)
  5 giant geckos
  6 oozes
  37 orcs
  18 bats
  11 giant cockroaches
  13 hobgoblins
  5 jackals
  10 quokkas
  A ball python (D:3)
  5 giant newts
  A gnoll skeleton (D:4)
  13 goblins
  A goblin skeleton (D:5)
  3 green rat skeletons (Sewer)
  A hobgoblin skeleton (D:3)
  A jackal skeleton (D:5)
  18 kobolds
  An orc skeleton (D:8)
  A quokka zombie (D:9)
  21 rats
  A rat skeleton (Sewer)
434 creatures vanquished.

Vanquished Creatures (others)
  2 fungi
  A plant (D:9)
3 creatures vanquished.

Grand Total: 437 creatures vanquished

Notes
Turn   | Place    | Note
--------------------------------------------------------------
     0 | D:1      | Heema, the Minotaur Berserker, began the quest for the Orb.
     0 | D:1      | Reached XP level 1. HP: 19/19 MP: 1/1
    77 | D:1      | Reached skill level 4 in Maces & Flails
   169 | D:1      | Reached XP level 2. HP: 26/26 MP: 1/1
   783 | D:2      | Acquired Trog's second power
   783 | D:2      | Reached skill level 5 in Maces & Flails
   836 | D:2      | Reached XP level 3. HP: 28/31 MP: 2/2
  1189 | D:2      | Reached XP level 4. HP: 39/39 MP: 2/2
  1260 | D:2      | Reached skill level 6 in Maces & Flails
  1343 | D:2      | Noticed Ijyb
  1355 | D:2      | Killed Ijyb
  1934 | D:3      | Found a glowing drain.
  1976 | D:3      | Reached XP level 5. HP: 45/45 MP: 2/2
  1989 | Sewer    | Entered a sewer
  2018 | Sewer    | Reached skill level 7 in Maces & Flails
  2123 | Sewer    | Reached skill level 8 in Maces & Flails
  2123 | Sewer    | Reached XP level 6. HP: 44/51 MP: 3/3
  2944 | D:4      | Reached skill level 9 in Maces & Flails
  2989 | D:4      | Reached XP level 7. HP: 57/57 MP: 3/3
  3194 | D:4      | Acquired Trog's third power
  3198 | D:4      | Noticed Grinder
  3210 | D:4      | Reached skill level 10 in Maces & Flails
  3222 | D:4      | Killed Grinder
  3222 | D:4      | Reached skill level 11 in Maces & Flails
  3421 | D:5      | Entered Level 5 of the Dungeon
  3539 | D:5      | Reached XP level 8. HP: 64/64 MP: 3/3
  3735 | D:5      | Found a blossoming altar of Fedhas.
  3872 | D:5      | Reached skill level 5 in Fighting
  3989 | D:5      | Found an ancient bone altar of Kikubaaqudgha.
  4932 | D:6      | Found a radiant altar of Vehumet.
  4992 | D:6      | Found a shattered altar of Ashenzari.
  5178 | D:6      | Found a staircase to the Ecumenical Temple.
  5319 | D:7      | Found a glowing golden altar of the Shining One.
  5331 | D:7      | Reached XP level 9. HP: 78/83 MP: 4/4
  5691 | D:7      | Paralysed by a giant eyeball for 3 turns
  5710 | D:7      | Reached skill level 10 in Fighting
  6992 | D:8      | Found a staircase to the Lair.
  7799 | D:8      | Reached skill level 12 in Maces & Flails
  8033 | D:9      | Noticed a gargoyle
  8045 | D:8      | Killed a gargoyle
  8045 | D:8      | Reached skill level 5 in Armour
  8158 | D:9      | Found a staircase to the Orcish Mines.
  8351 | D:9      | Reached XP level 10. HP: 45/95 MP: 4/4
  8352 | D:9      | Received a gift from Trog
  8912 | D:9      | Noticed a hill giant
  8921 | D:9      | Killed a hill giant
  8921 | D:9      | Reached skill level 13 in Maces & Flails
  9712 | D:10     | Entered Level 10 of the Dungeon
  9775 | Lair:1   | Entered Level 1 of the Lair of Beasts
 10803 | Lair:1   | Reached skill level 14 in Maces & Flails
 10909 | Lair:1   | Received a gift from Trog
 11237 | Lair:2   | Reached XP level 11. HP: 89/102 MP: 4/4
 11250 | Lair:2   | Reached skill level 10 in Armour
 11610 | Lair:2   | Reached skill level 15 in Maces & Flails
 11899 | Lair:2   | Received a gift from Trog
 12736 | Lair:3   | Reached skill level 16 in Maces & Flails
 13227 | Lair:3   | Noticed a five-headed hydra
 13236 | Lair:3   | Killed a five-headed hydra
 13453 | Lair:3   | Reached XP level 12. HP: 108/110 MP: 5/5
 14150 | Lair:4   | Reached skill level 17 in Maces & Flails
 14549 | Lair:4   | Found a staircase to the Snake Pit.
 14577 | Lair:4   | Received a gift from Trog
 15010 | Lair:4   | Reached skill level 18 in Maces & Flails
 15611 | Lair:5   | Found a staircase to the Swamp.
 15672 | Lair:5   | HP: 1/110 [death yak (15)]
 15677 | Lair:5   | Mangled by a death yak

Action                   |  1- 3 |  4- 6 |  7- 9 | 10-12 || total
-------------------------+-------+-------+-------+-------++-------
Melee: Mace              |    84 |   149 |   464 |   130 ||   827
       Flail             |       |       |       |   103 ||   103
       Great mace        |       |       |       |   397 ||   397
Invok: Berserk           |       |     2 |     3 |     2 ||     7
       Trog's Hand       |       |       |     3 |     2 ||     5
       Burn Spellbooks   |       |       |     1 |       ||     1
  Use: Scroll            |     1 |       |     7 |    15 ||    23
 Stab: Distracted        |       |       |       |     1 ||     1
